 Dungeon Crawl Stone Soup version 0.28.0-45-g0d030f2227 (webtiles) character file.

Game seed: 12620097292056860271

20772 DearestLeader the Protected (level 12, -3/106 HPs)
             Began as a Gnoll Fighter on Apr 4, 2022.
             Was a High Priest of Okawaru.
             Slain by an entropy weaver simulacrum (5 damage)
             ... in an ice cave.
             The game lasted 00:24:59 (13744 turns).

DearestLeader the Protected (Gnoll Fighter)        Turns: 13744, Time: 00:25:01

Health: -3/106     AC: 22    Str: 16    XL:     12   Next: 83%
Magic:  21/23      EV: 16    Int:  8    God:    Okawaru [*****.]
Gold:   801        SH: 13    Dex: 17    Spells: 26/26 levels left

rFire   x . .      SeeInvis +   S - +2 war axe "Taisof" {vorpal, Will+}
rCold   + . .      Faith    .   c - +0 buckler
rNeg    . . .      Spirit   .   N - +4 scale mail "Heithreo" {Regen+ rCorr Str-5 SInv}
rPois   .          Reflect  +   y - +0 helmet
rElec   .          Harm     .   t - +1 cloak {Stlth+}
rCorr   +          Rampage  .   p - +0 pair of gloves
Will    ++...                   P - +0 pair of boots of the Devil's Advocate {Will+ SInv}
Stlth   +++++.....              A - amulet of reflection
HPRegen 1.07/turn               G - ring of ice
MPRegen 0.18/turn               R - +6 ring of dexterity

@: heroic, studying Armour
A: fangs 1, strong nose, distributed training, robust 1
a: Renounce Religion, Heroism, Finesse, Duel


You were in an ice cave.
You worshipped Okawaru.
Okawaru was extremely pleased with you.
You visited 3 branches of the dungeon, and saw 14 of its levels.
You also visited: Ice Cave.

You collected 1601 gold pieces.
You spent 800 gold pieces at shops.

Inventory:

Hand Weapons
 r - a +1 spear of venom
 s - the +6 mace "Cefyrooc" {freeze, *Rage MP+9 Str+2 Dex+4}
   (You found it on level 3 of the Dungeon)

   It freezes those it strikes, dealing additional cold damage.
   It can also slow down cold-blooded creatures.
   Str:       It affects your strength (+2).
   Dex:       It affects your dexterity (+4).
   MP:        It affects your magic capacity (+9).
   *Rage:     It berserks you when you make melee attacks (+20% chance).
 S - the +2 war axe "Taisof" (weapon) {vorpal, Will+}
   (You found it on level 2 of the Lair of Beasts)

   It inflicts extra damage upon your enemies.
   Will:      It increases your willpower.
Missiles
 n - 22 poisoned darts (quivered)
 I - 115 bolts
Armour
 a - a +2 leather armour of resistance
 c - a +0 buckler (worn)
 k - a +0 plate armour
 p - a +0 pair of gloves (worn)
 t - a +1 cloak of stealth (worn)
 y - a +0 helmet (worn)
 N - the +4 scale mail "Heithreo" (worn) {Regen+ rCorr Str-5 SInv}
   (You found it on level 1 of the Lair of Beasts)

   Str:       It affects your strength (-5).
   SInv:      It lets you see invisible.
   Regen:     It increases your rate of health regeneration.
   rCorr:     It protects you from acid and corrosion.
 P - the +0 pair of boots of the Devil's Advocate (worn) {Will+ SInv}
   (You acquired it on level 1 of the Lair of Beasts)

   SInv:      It lets you see invisible.
   Will:      It increases your willpower.
Jewellery
 q - an amulet of guardian spirit
 A - an amulet of reflection (around neck)
 B - a ring of poison resistance
 G - a ring of ice (left hand)
 R - a +6 ring of dexterity (right hand)
Wands
 m - a wand of charming (7)
 w - a wand of iceblast (5)
 z - a wand of polymorph (5)
 F - a wand of flame (19)
 J - a wand of mindburst (1)
Scrolls
 e - 2 scrolls of enchant weapon
 g - a scroll of summoning
 h - a scroll of silence
 i - 3 scrolls of teleportation
 j - 2 scrolls of noise
 o - 2 scrolls of amnesia
 u - a scroll of blinking
 x - a scroll of brand weapon
 H - a scroll of torment {unknown}
 L - a scroll of fog {unknown}
 O - a scroll of holy word {unknown}
Potions
 b - a potion of brilliance
 d - a potion of curing {unknown}
 l - 2 potions of mutation
 D - a potion of ambrosia
 M - a potion of heal wounds
 Q - a potion of lignification


   Skills:
 + Level 10.1(15.1) Fighting
 + Level 7.6(12.6) Short Blades
 + Level 7.6(12.6) Long Blades
 + Level 9.0(14.0) Axes
 + Level 7.6(12.6) Maces & Flails
 + Level 7.6(12.6) Polearms
 + Level 7.6(12.6) Staves
 + Level 7.6(12.6) Slings
 + Level 7.6(12.6) Bows
 + Level 7.6(12.6) Crossbows
 + Level 7.6(12.6) Throwing
 + Level 10.8(15.8) Armour
 + Level 7.6(12.6) Dodging
 + Level 7.6(12.6) Stealth
 + Level 10.1(15.1) Shields
 + Level 7.6(12.6) Unarmed Combat
 + Level 7.6 Spellcasting
 + Level 6.3 Conjurations
 + Level 6.3 Hexes
 + Level 6.3 Summonings
 + Level 6.3 Necromancy
 + Level 6.3 Translocations
 + Level 6.3 Transmutations
 + Level 6.3 Fire Magic
 + Level 6.3 Ice Magic
 + Level 6.3 Air Magic
 + Level 6.3 Earth Magic
 + Level 6.3 Poison Magic
 + Level 8.4 Invocations
 + Level 7.6 Evocations


You had 26 spell levels left.
You didn't know any spells.
Your spell library contained the following spells:

 Spells                   Type           Power      Damage    Failure   Level
 Apportation              Tloc           26%        N/A       4%          1
 Ensorcelled Hibernation  Hex/Ice        38%        N/A       6%          2
 Sublimation of Blood     Necr           13%        N/A       6%          2
 Frozen Ramparts          Ice            38%        1d5       12%         3
 Spider Form              Tmut/Pois      13%        N/A       12%         3
 Anguish                  Hex/Necr       6%         N/A       38%         4
 Ice Form                 Ice/Tmut       19%        N/A       38%         4
 Petrify                  Tmut/Erth      13%        N/A       38%         4
 Alistair's Intoxication  Tmut/Pois      8%         N/A       75%         5
 Irradiate                Conj/Tmut      6%         3d15      75%         5
 Iskenderun's Battlesphe  Conj           13%        2d7       75%         5
 Iron Shot                Conj/Erth      6%         9d2       99%         6
 Enfeeble                 Hex            6%         N/A       100%        7
 Tukima's Dance           Hex            Unusable   N/A       N/A         3
 Summon Ice Beast         Ice/Summ       Unusable   N/A       N/A         4
 Spellforged Servitor     Conj/Summ      Unusable   N/A       N/A         7

Dungeon Overview and Level Annotations

Branches:
Dungeon (10/15)            Temple (1/1) D:5            Lair (3/6) D:10
  Swamp (0/4) Lair:2       Spider (0/4) Lair:2          Orc (0/2) D:9
  IceCv (1/1)

Altars:
Ashenzari
Cheibriados
Fedhas
Gozag
Hepliaklqana
Makhleb
Nemelex Xobeh
Okawaru
Qazlal
Ru
Sif Muna
Trog
Uskayaw
Wu Jian
Xom
Yredelemnul
The Shining One
Jiyva

Shops:
D:5 =   D:7 (   D:8 :   D:10 =

Annotations:
D:10 2 transporters


Innate Abilities, Weirdness & Mutations

You have very sharp teeth.
Your uncanny sense of smell can sniff out nearby items.
Your experience applies equally to all skills.
You are robust. (+10% HP)


Message History

The dire elephant simulacrum trunk-slaps you.
The dire elephant simulacrum freezes you!
You resist.
* * * LOW HITPOINT WARNING * * *
You slash the dire elephant simulacrum!
You bite the dire elephant simulacrum, but do no damage.
The dire elephant simulacrum is almost destroyed.
The dire elephant simulacrum tramples you!
* * * LOW HITPOINT WARNING * * *
You stumble backwards!
You feel much better.
You gain the combat prowess of a mighty hero.
The dire elephant simulacrum misses you.
The dire elephant simulacrum trunk-slaps you.
The dire elephant simulacrum freezes you!
You resist.
* * * LOW HITPOINT WARNING * * *
You hit the dire elephant simulacrum.
The dire elephant simulacrum is almost destroyed.
You closely miss the entropy weaver simulacrum.
The dire elephant simulacrum tramples you!
* * * LOW HITPOINT WARNING * * *
You stumble backwards!
You hit the dire elephant simulacrum but do no damage.
The dire elephant simulacrum is almost destroyed.
The dire elephant simulacrum misses you.
The dire elephant simulacrum completely misses you.
You hit the dire elephant simulacrum.
The dire elephant simulacrum vaporises!
Okawaru accepts your kill.
You hit the entropy weaver simulacrum.
You block the entropy weaver simulacrum's attack.
The entropy weaver simulacrum barely misses you.
The entropy weaver simulacrum hits you!
* * * LOW HITPOINT WARNING * * *
The entropy weaver simulacrum freezes you!
You resist.
* * * LOW HITPOINT WARNING * * *
The entropy weaver simulacrum hits you.
You die...

##### ##...###
#......## .
#..##...## ∆#.
#...##...### .###
##..####...####...
#####..####@..##.⌠.
##.##.#..###☼Z##...#
#.#..#....##..# #○.#
##.#.##..##..####).#
#.#.##..##....#...##
#####..####.#....##
##.## ######## ##..#
#...##


You could see an entropy weaver simulacrum.

Vanquished Creatures
  Gastronok (Lair:2)
  Harold (D:6)
  A two-headed ogre (D:8)
  Pikel (D:5)
  4 elephants (Lair:2)
  2 black mambas
  A gargoyle (D:10)
  4 cane toads
  Psyche (D:8)
  An anaconda simulacrum (IceCv)
  6 komodo dragons
  A troll (D:10)
  A hornet (D:9)
  3 tyrant leeches (Lair:2)
  5 blink frogs (Lair:2)
  5 yaks (Lair:1)
  A wyvern (D:10)
  A dire elephant simulacrum (IceCv)
  Eustachio (D:5)
  2 basilisks
  2 steam dragons
  3 redbacks (Lair:2)
  Menkaure (D:6)
  2 wargs (D:9)
  An acid dragon (D:8)
  6 water moccasins
  8 orc warriors
  2 ice beasts (D:6)
  2 sky beasts
  A swamp drake (D:9)
  A black bear (D:6)
  3 ogres
  5 centaurs
  A necrophage (D:5)
  22 wolves
  3 kobold brigands
  10 bullfrogs
  5 scorpions
  A gnoll sergeant (D:8)
  A wyvern zombie (D:8)
  2 two-headed ogre simulacra (IceCv)
  A water moccasin skeleton (D:5)
  6 killer bees (D:10)
  2 elephant simulacra (IceCv)
  8 wights
  2 howler monkeys
  A crimson imp (D:3)
  2 centaur zombies
  9 orc priests
  2 centaur skeletons (D:7)
  4 hounds
  A jelly (D:7)
  Crazy Yiuf (D:3)
  Jessica (D:3)
  4 iguanas
  17 orc wizards
  A scorpion zombie (D:5)
  A spriggan simulacrum (IceCv)
  A polar bear simulacrum (IceCv)
  A wolf simulacrum (IceCv)
  A troll simulacrum (IceCv)
  A killer bee zombie (D:6)
  4 gnolls
  5 adders
  2 naga simulacra (IceCv)
  2 shadow imps
  3 white imps
  A worm (D:2)
  46 orcs
  4 bats
  5 endoplasms
  3 hobgoblins
  2 jackals (D:1)
  4 quokkas
  4 ball pythons
  4 frilled lizards
  10 goblins
  A goblin zombie (D:3)
  3 hobgoblin zombies (D:3)
  22 kobolds
  2 kobold skeletons (D:3)
  2 orc skeletons (D:3)
  An orc zombie (D:3)
  3 rats
  A spectral orc (D:8)
326 creatures vanquished.

Vanquished Creatures (others)
  11 fungi
  7 plants
18 creatures vanquished.

Grand Total: 344 creatures vanquished

Notes
Turn   | Place    | Note
-------+----------+-------------------------------------------
     0 | D:1      | DearestLeader the Gnoll Fighter began the quest for the
                  | Orb.
     0 | D:1      | Reached XP level 1. HP: 23/23 MP: 1/1
   115 | D:1      | Reached XP level 2. HP: 29/29 MP: 2/2
   398 | D:1      | Reached XP level 3. HP: 35/35 MP: 3/3
   783 | D:2      | Reached skill level 1 in Invocations
  1004 | D:2      | Reached skill level 1 in Short Blades
  1004 | D:2      | Reached skill level 1 in Long Blades
  1004 | D:2      | Reached skill level 1 in Maces & Flails
  1004 | D:2      | Reached skill level 1 in Polearms
  1004 | D:2      | Reached skill level 1 in Staves
  1004 | D:2      | Reached skill level 1 in Slings
  1004 | D:2      | Reached skill level 1 in Bows
  1004 | D:2      | Reached skill level 1 in Crossbows
  1004 | D:2      | Reached skill level 1 in Throwing
  1004 | D:2      | Reached skill level 1 in Dodging
  1004 | D:2      | Reached skill level 1 in Stealth
  1004 | D:2      | Reached skill level 1 in Unarmed Combat
  1004 | D:2      | Reached skill level 1 in Spellcasting
  1004 | D:2      | Reached skill level 1 in Evocations
  1106 | D:2      | Reached XP level 4. HP: 35/41 MP: 5/5
  1643 | D:3      | Found a glowing golden altar of the Shining One.
  1661 | D:3      | Reached skill level 1 in Conjurations
  1661 | D:3      | Reached skill level 1 in Hexes
  1661 | D:3      | Reached skill level 1 in Summonings
  1661 | D:3      | Reached skill level 1 in Necromancy
  1661 | D:3      | Reached skill level 1 in Translocations
  1661 | D:3      | Reached skill level 1 in Transmutations
  1661 | D:3      | Reached skill level 1 in Fire Magic
  1661 | D:3      | Reached skill level 1 in Ice Magic
  1661 | D:3      | Reached skill level 1 in Air Magic
  1661 | D:3      | Reached skill level 1 in Earth Magic
  1661 | D:3      | Reached skill level 1 in Poison Magic
  1752 | D:3      | Reached XP level 5. HP: 32/47 MP: 6/6
  1851 | D:3      | Found a bloodstained altar of Trog.
  1892 | D:3      | Found a blossoming altar of Fedhas.
  2090 | D:3      | Noticed Jessica
  2102 | D:3      | Killed Jessica
  2436 | D:3      | Found a runed translucent door.
  2436 | D:3      | Identified the +6 mace "Cefyrooc" {freeze, *Rage MP+9 Str+2
                  | Dex+4}
  2505 | D:3      | Noticed Crazy Yiuf
  2743 | D:3      | Killed Crazy Yiuf
  2878 | D:4      | Noticed an ogre
  2884 | D:4      | Killed an ogre
  2885 | D:4      | Reached XP level 6. HP: 53/53 MP: 8/8
  2970 | D:4      | Found a snail-covered altar of Cheibriados.
  3054 | D:4      | Noticed an orc warrior
  3075 | D:4      | Gained mutation: You are robust. (+10% HP) [potion of
                  | mutation]
  3080 | D:4      | Killed an orc warrior
  3081 | D:4      | Reached skill level 5 in Axes
  3096 | D:4      | Reached XP level 7. HP: 11/64 MP: 10/10
  3464 | D:4      | Found a sparkling altar of Nemelex Xobeh.
  3755 | D:5      | Entered Level 5 of the Dungeon
  3920 | D:5      | Found a burning altar of Makhleb.
  3967 | D:5      | Noticed Eustachio
  3974 | D:5      | Reached XP level 8. HP: 73/73 MP: 12/12
  4010 | D:5      | Noticed Pikel
  4031 | D:5      | Killed Pikel
  4119 | D:5      | Killed Eustachio
  4177 | D:5      | Found Sumoss's Jewellery Boutique.
  4281 | D:5      | Reached XP level 9. HP: 54/79 MP: 14/14
  4582 | D:5      | Found a staircase to the Ecumenical Temple.
  4591 | Temple   | Entered the Ecumenical Temple
  4606 | Temple   | Became a worshipper of Warmaster Okawaru
  4898 | D:6      | Noticed Menkaure
  4906 | D:6      | Killed Menkaure
  4906 | D:6      | Reached * piety under Okawaru
  5281 | D:6      | Reached skill level 5 in Invocations
  5442 | D:6      | Reached ** piety under Okawaru
  5735 | D:6      | Found a broken altar of Ashenzari.
  5987 | D:7      | Reached XP level 10. HP: 88/88 MP: 17/17
  6291 | D:7      | Noticed Harold
  6323 | D:6      | Killed Harold
  6324 | D:6      | Reached skill level 5 in Short Blades
  6324 | D:6      | Reached skill level 5 in Long Blades
  6324 | D:6      | Reached skill level 5 in Maces & Flails
  6324 | D:6      | Reached skill level 5 in Polearms
  6324 | D:6      | Reached skill level 5 in Staves
  6324 | D:6      | Reached skill level 5 in Slings
  6324 | D:6      | Reached skill level 5 in Bows
  6324 | D:6      | Reached skill level 5 in Crossbows
  6324 | D:6      | Reached skill level 5 in Throwing
  6324 | D:6      | Reached skill level 5 in Dodging
  6324 | D:6      | Reached skill level 5 in Stealth
  6324 | D:6      | Reached skill level 5 in Unarmed Combat
  6324 | D:6      | Reached skill level 5 in Spellcasting
  6324 | D:6      | Reached skill level 5 in Evocations
  6518 | D:7      | Reached *** piety under Okawaru
  6898 | D:7      | Found a shimmering altar of Xom.
  7018 | D:7      | Found Ficw's Weapon Shop.
  7297 | D:8      | Found Xiuwal's Self-Improvement Boutique.
  7327 | D:8      | Noticed Psyche
  7481 | D:8      | Received a gift from Okawaru
  7487 | D:8      | Killed Psyche
  7739 | D:8      | Noticed a two-headed ogre
  7748 | D:8      | Killed a two-headed ogre
  7848 | D:8      | Found a stormy altar of Qazlal.
  7920 | D:8      | Found a shimmering blue altar of Sif Muna.
  8029 | D:8      | Found a basalt altar of Yredelemnul.
  8097 | D:8      | Found a hazy altar of Hepliaklqana.
  8494 | D:9      | Reached XP level 11. HP: 95/95 MP: 19/19
  8529 | D:9      | Reached **** piety under Okawaru
  8568 | D:9      | Received a gift from Okawaru
  9076 | D:9      | Found a staircase to the Orcish Mines.
  9529 | D:10     | Entered Level 10 of the Dungeon
  9539 | D:10     | Found a transporter.
  9560 | D:10     | Reached skill level 5 in Conjurations
  9560 | D:10     | Reached skill level 5 in Hexes
  9560 | D:10     | Reached skill level 5 in Summonings
  9560 | D:10     | Reached skill level 5 in Necromancy
  9560 | D:10     | Reached skill level 5 in Translocations
  9560 | D:10     | Reached skill level 5 in Transmutations
  9560 | D:10     | Reached skill level 5 in Fire Magic
  9560 | D:10     | Reached skill level 5 in Ice Magic
  9560 | D:10     | Reached skill level 5 in Air Magic
  9560 | D:10     | Reached skill level 5 in Earth Magic
  9560 | D:10     | Reached skill level 5 in Poison Magic
  9644 | D:10     | Found a staircase to the Lair.
  9986 | D:10     | Found a viscous altar of Jiyva.
  9986 | D:10     | Found a transporter.
 10358 | D:10     | Found Desidust's Jewellery Shop.
 10958 | Lair:1   | Entered Level 1 of the Lair of Beasts
 11210 | Lair:1   | Reached ***** piety under Okawaru
 11212 | Lair:1   | Received a gift from Okawaru
 11416 | Lair:1   | Identified the +4 scale mail "Heithreo" {Regen+ rCorr Str-5
                  | SInv}
 11950 | Lair:1   | Identified 2 scrolls of acquirement
 11952 | Lair:1   | Acquired the +0 pair of boots of the Devil's Advocate
                  | {Will+ SInv}
 11965 | Lair:1   | Acquired 748 gold pieces
 12105 | D:8      | Bought a manual of Armour for 800 gold pieces
 12306 | Lair:2   | Found a hole to the Spider Nest.
 12336 | Lair:2   | Received a gift from Okawaru
 12398 | Lair:2   | Noticed Gastronok
 12414 | Lair:2   | Killed Gastronok
 12414 | Lair:2   | Received a gift from Okawaru
 12415 | Lair:2   | Reached XP level 12. HP: 105/105 MP: 22/22
 12490 | Lair:2   | Reached skill level 10 in Armour
 12795 | Lair:2   | Received a gift from Okawaru
 12807 | Lair:2   | Reached skill level 10 in Fighting
 12807 | Lair:2   | Reached skill level 10 in Shields
 12994 | Lair:2   | Found a staircase to the Swamp.
 13099 | Lair:2   | Reached ****** piety under Okawaru
 13099 | Lair:2   | Received a gift from Okawaru
 13231 | Lair:2   | Identified the +2 war axe "Taisof" {vorpal, Will+}
 13623 | Lair:3   | Found a frozen archway.
 13632 | IceCv    | Entered an ice cave
 13728 | IceCv    | Identified the +4 great mace of Colerr {freeze, rN+ Str+2}
                  | (Okawaru gifted it to you in an ice cave)
 13728 | IceCv    | Received a gift from Okawaru
 13744 | IceCv    | HP: 2/106 [entropy weaver simulacrum (11)]
 13744 | IceCv    | Slain by an entropy weaver simulacrum

Illustrated notes

Levels and vault maps discovered:
D:1:      nicolae_arrival_somewhat_less_tricky_arrival, layout_rooms,
          minmay_domino_4
D:2:      layout_loops_cross, kennysheep_cross_room
D:3:      layout_basic, nicolae_tso_besieged_by_evil,
          mainiacjoe_overflow_big_doors, minmay_liquid_box,
          uniq_crazy_yiuf_cottage, uniq_jessica
D:4:      layout_loops_ring, nemelex_spade_bored_becter, lemuel_doored_altar
D:5:      layout_basic, makhleb_heckhound_becter, temple_hall, serial_shops,
          nicolae_shop_advertising_works [nicolae_subvault_shop_adworks],
          uniq_eustachio, uniq_pikel
D:6:      layout_basic, ashenzari_altar_1, uniq_menkaure
D:7:      layout_rooms, lemuel_coloured_pillars_altar, serial_shops,
          nicolae_shop_waterfront, chequers_serial_rivers_small_3, uniq_harold
D:8:      layout_cave_pools, lemuel_crystal_altar,
          yredelemnul_forgotten_temple_becter, lemuel_crystal_altar,
          nicolae_hepliaklqana_hippocampus, nicolae_shop_self_help, uniq_psyche
D:9:      layout_loops_ring, erik_orc_1
D:10:     gammafunk_jiyva_shrine, layout_irregular_city,
          erik_lair_orcish_takeover, serial_shops, shop,
          kennysheep_cross_bottleneck
Temple:   zaba_magenta_temple
Lair:1:   layout_loops_ring
Lair:2:   layout_gridlike, minmay_swamp_entry_worms, spider_nest_entry_webs,
          grunt_forest_large_clearings, serial_bayou_shore_b,
          grunt_megastairs_2, uniq_gastronok
Lair:3:   layout_cave_pods, portal_ice_cave_entry_pillars_2
IceCv:    ice_cave_caverns_02

Skill      XL: |  1  2  3  4  5  6  7  8  9 10 11 12 |
---------------+-------------------------------------+-----
Invocations    | 1 2 3 4 5 6 7 8 |  8.4
Short Blades   | 1 2 3 4 5 6 7 |  7.6
Long Blades    | 1 2 3 4 5 6 7 |  7.6
Maces & Flails | 1 2 3 4 5 6 7 |  7.6
Polearms       | 1 2 3 4 5 6 7 |  7.6
Staves         | 1 2 3 4 5 6 7 |  7.6
Slings         | 1 2 3 4 5 6 7 |  7.6
Bows           | 1 2 3 4 5 6 7 |  7.6
Crossbows      | 1 2 3 4 5 6 7 |  7.6
Throwing       | 1 2 3 4 5 6 7 |  7.6
Dodging        | 1 2 3 4 5 6 7 |  7.6
Stealth        | 1 2 3 4 5 6 7 |  7.6
Unarmed Combat | 1 2 3 4 5 6 7 |  7.6
Spellcasting   | 1 2 3 4 5 6 7 |  7.6
Evocations     | 1 2 3 4 5 6 7 |  7.6
Conjurations   | 1 2 3 4 5 6 |  6.3
Hexes          | 1 2 3 4 5 6 |  6.3
Summonings     | 1 2 3 4 5 6 |  6.3
Necromancy     | 1 2 3 4 5 6 |  6.3
Translocations | 1 2 3 4 5 6 |  6.3
Transmutations | 1 2 3 4 5 6 |  6.3
Fire Magic     | 1 2 3 4 5 6 |  6.3
Ice Magic      | 1 2 3 4 5 6 |  6.3
Air Magic      | 1 2 3 4 5 6 |  6.3
Earth Magic    | 1 2 3 4 5 6 |  6.3
Poison Magic   | 1 2 3 4 5 6 |  6.3
Axes           | 5 6 7 8 9 |  9.0
Fighting       | 7 8 9 10 | 10.1
Armour         | 7 8 9 10 | 10.8
Shields        | 7 8 9 10 | 10.1

Action                   |  1- 3 |  4- 6 |  7- 9 | 10-12 || total
-------------------------+-------+-------+-------+-------++-------
Melee: War axe           |    21 |    47 |       |    43 ||   111
       Short sword       |    56 |    29 |       |       ||    85
       Bite              |     1 |    12 |    26 |    95 ||   134
       Mace              |       |    34 |   190 |   657 ||   881
Throw: Dart              |       |       |       |    10 ||    10
Invok: Heroism           |       |       |       |     1 ||     1
Evoke: Wand              |       |       |       |     1 ||     1
  Use: Potion            |       |     5 |       |     1 ||     6
       Scroll            |       |       |     5 |    13 ||    18
 Stab: Sleeping          |       |       |     9 |    12 ||    21
       Distracted        |       |       |       |     1 ||     1
Armor: Scale mail        |    32 |    40 |    76 |   259 ||   407
       Skin              |       |       |       |     9 ||     9
Dodge: Dodged            |    34 |    38 |    95 |   358 ||   525
Block: Buckler           |    15 |    29 |    82 |   453 ||   579
       Reflection        |       |       |       |    14 ||    14
